 Dungeon Crawl Stone Soup version 0.29.0-4-gdea44cf6ec (webtiles) character file.

Game seed: 17347581523118523423

56 qw the Chopper (level 3, 0/29 HPs)
             Began as a Barachi Chaos Knight on Sept 6, 2022.
             Slain by an orc
             ... wielding a +0 short sword
              (2 damage)
             ... on level 2 of the Dungeon.
             The game lasted 00:03:01 (1566 turns).

qw the Chopper (Barachi Chaos Knight)               Turns: 1566, Time: 00:03:02

Health: 0/29       AC:  5    Str: 15    XL:     3   Next: 95%
Magic:  3/3        EV: 10    Int: 12    God:
Gold:   58         SH:  0    Dex: 11    Spells: 2/2 levels left

rFire   . . .      SeeInvis .   Y - +0 hand axe (chaos)
rCold   . . .      Faith    .   (no shield)
rNeg    . . .      Spirit   .   i - +0 ring mail
rPois   .          Reflect  .   (no helmet)
rElec   .          Harm     .   (no cloak)
rCorr   .          Rampage  .   (no gloves)
Will    .....                   (no boots)
Stlth   +.........              (no amulet)
HPRegen 0.09/turn               (no ring)
MPRegen 0.08/turn               (no ring)

@: slow
A: amphibious, slowness 1, strong legs 1, +LOS
a: Hop


You were on level 2 of the Dungeon.
You visited 1 branch of the dungeon, and saw 2 of its levels.

You collected 58 gold pieces.


Innate Abilities, Weirdness & Mutations

You are amphibious.
You cover ground slowly.
You can hop short distances.
You have an extended range of vision and can be seen from far away.


   Skills:
 - Level 3.6 Fighting
 + Level 5.2 Axes
 - Level 2.4 Armour
 - Level 1.1 Dodging


You had 2 spell levels left.
You didn't know any spells.
Your spell library was empty.

Inventory:

Hand Weapons
 g - a +0 whip
 Y - a +0 hand axe of chaos (weapon)
Armour
 i - a +0 ring mail (worn)
Scrolls
 a - a scroll of blinking {unknown}
Potions
 d - a potion of cancellation {unknown}
 f - a potion of berserk rage {unknown}
 j - a potion of lignification {unknown}
 k - a potion of curing {unknown}
Miscellaneous
 c - a piece from Xom's chessboard (15/15)

Dungeon Overview and Level Annotations

Branches:
Dungeon (2/15)

Altars:

Shops:
D:1 (


Message History

The orc priest looks satisfied for a moment.
The orc throws a stone.
The stone hits you but does no damage.
The orc shouts!
The orc priest completely misses you.
You hit the orc priest.
The orc priest suddenly seems more agile.
The orc priest is lightly wounded.
The orc throws a stone.
The stone hits you.
The orc priest hits you but does no damage.
You hit the orc priest. You freeze the orc priest.
The orc priest is severely wounded.
The orc throws a stone.
The stone hits you. The orc priest barely misses you.
You hit the orc priest. You burn the orc priest.
The orc priest is almost dead.
The orc priest completely misses you.
You completely miss the orc priest.
The orc priest is almost dead.
The orc throws a stone.
The stone hits you.
The orc priest hits you with a +0 flail.
The orc wizard shouts!
You hit the orc priest. You freeze the orc priest.
You kill the orc priest!
You feel your strength returning.
Your Axes skill increases to level 5!
You closely miss the orc. The orc hits you but does no damage.
You hit the orc but do no damage. You hit the orc.
The orc flickers and vanishes!
Deactivating autopickup; reactivate with Ctrl-A.
Something hits you. The orc wizard casts a spell at you.
The magic dart hits you. Something hits you.
The orc wizard hits you but does no damage.
You see here a +0 flail.
You slash the orc wizard!
The orc wizard is poisoned.
The orc wizard is heavily wounded.
You hit the orc.
The orc goes berserk!
You hit something. The orc hits you with a +0 club. Something hits you.
You die...

........ ..........
#...........
#.......... #...
...... ####'###...
#......#.# #...#..oo#
#...#...@#.......#
+...)..{.#.......#
#...#....#.......#
#.##
#####...o#.......#
#... #..#.#.......#
##..# #..#.##.oooo#
.##.[## #..#.###ooo#
#.##..##
#.[#..#######..##..##
#.............# #..##


You could see an orc wizard (very poisoned) and 2 orcs.

Vanquished Creatures
  An orc priest (D:2)
  A dart slug (D:1)
  2 orcs (D:2)
  5 bats (D:1)
  2 endoplasms (D:1)
  A goblin (D:1)
  2 hobgoblins (D:1)
  4 ball pythons
  2 kobolds (D:1)
  3 rats
23 creatures vanquished.

Vanquished Creatures (others)
  A plant (D:1)
1 creature vanquished.

Grand Total: 24 creatures vanquished

Notes
Turn   | Place    | Note
-------+----------+-------------------------------------------
     0 | D:1      | qw the Barachi Chaos Knight began the quest for the Orb.
     0 | D:1      | Reached XP level 1. HP: 18/18 MP: 1/1
     0 | D:1      | 0 ||| qw: Version: 0.1-a-108-g9e35731
     0 | D:1      | 0 ||| qw: Game counter: 6416
     0 | D:1      | 0 ||| qw: Always use a shield: true
     0 | D:1      | 0 ||| qw: God list: Okawaru
     0 | D:1      | 0 ||| qw: Allow faded altars: false
     0 | D:1      | 0 ||| qw: Do Orc after D:15 true
     0 | D:1      | 0 ||| qw: Do second Lair branch before Depths: true
     0 | D:1      | 0 ||| qw: Lair rune preference: random
     0 | D:1      | 0 ||| qw: Plans: Normal
     0 | D:1      | 0 ||| PLANNING D:1-11
     0 | D:1      | Fell from the grace of Xom
    66 | D:1      | 66 ||| Stepping ~*~*~tactically~*~*~ (hiding).
   186 | D:1      | Reached XP level 2. HP: 10/24 MP: 2/2
   439 | D:1      | Reached skill level 4 in Axes
   503 | D:1      | Found Ustujef's Weapon Boutique.
   973 | D:1      | XOM: stat loss: -1 Str (12/13)
  1012 | D:1      | 1012 ||| UPGRADING to +0 ring mail.
  1022 | D:1      | 1022 ||| DROPPING +2 leather armour.
  1023 | D:1      | 1023 ||| DROPPING ring of flight.
  1024 | D:1      | 1024 ||| READING scroll labelled FUGADA CUWIECWAU.
  1114 | D:2      | 1114 ||| Stepping randomly (stuck).
  1115 | D:2      | 1115 ||| Stepping randomly (stuck).
  1116 | D:2      | 1116 ||| Stepping randomly (stuck).
  1117 | D:2      | 1117 ||| Stepping randomly (stuck).
  1118 | D:2      | 1118 ||| Stepping randomly (stuck).
  1119 | D:2      | 1119 ||| Stepping randomly (stuck).
  1120 | D:2      | 1120 ||| Stepping randomly (stuck).
  1121 | D:2      | 1121 ||| Stepping randomly (stuck).
  1122 | D:2      | 1122 ||| Stepping randomly (stuck).
  1123 | D:2      | 1123 ||| Stepping randomly (stuck).
  1124 | D:2      | 1124 ||| Stepping randomly (stuck).
  1125 | D:2      | 1125 ||| Stepping randomly (stuck).
  1126 | D:2      | 1126 ||| Stepping randomly (stuck).
  1127 | D:2      | 1127 ||| Stepping randomly (stuck).
  1128 | D:2      | 1128 ||| Stepping randomly (stuck).
  1129 | D:2      | 1129 ||| Stepping randomly (stuck).
  1130 | D:2      | 1130 ||| Stepping randomly (stuck).
  1131 | D:2      | 1131 ||| Stepping randomly (stuck).
  1132 | D:2      | 1132 ||| Stepping randomly (stuck).
  1133 | D:2      | 1133 ||| Stepping randomly (stuck).
  1134 | D:2      | 1134 ||| Stepping randomly (stuck).
  1135 | D:2      | 1135 ||| Stepping randomly (stuck).
  1136 | D:2      | 1136 ||| Stepping randomly (stuck).
  1137 | D:2      | 1137 ||| Stepping randomly (stuck).
  1138 | D:2      | 1138 ||| Stepping randomly (stuck).
  1139 | D:2      | 1139 ||| Stepping randomly (stuck).
  1140 | D:2      | 1140 ||| Stepping randomly (stuck).
  1141 | D:2      | 1141 ||| Stepping randomly (stuck).
  1142 | D:2      | 1142 ||| Stepping randomly (stuck).
  1143 | D:2      | 1143 ||| Stepping randomly (stuck).
  1144 | D:2      | 1144 ||| Stepping randomly (stuck).
  1145 | D:2      | 1145 ||| Stepping randomly (stuck).
  1146 | D:2      | 1146 ||| Stepping randomly (stuck).
  1148 | D:2      | 1148 ||| Stepping randomly (stuck).
  1149 | D:2      | 1149 ||| Stepping randomly (stuck).
  1150 | D:2      | 1150 ||| Stepping randomly (stuck).
  1151 | D:2      | 1151 ||| Stepping randomly (stuck).
  1152 | D:2      | 1152 ||| Stepping randomly (stuck).
  1153 | D:2      | 1153 ||| Stepping randomly (stuck).
  1154 | D:2      | 1154 ||| Stepping randomly (stuck).
  1155 | D:2      | 1155 ||| Stepping randomly (stuck).
  1156 | D:2      | 1156 ||| Stepping randomly (stuck).
  1157 | D:2      | 1157 ||| Stepping randomly (stuck).
  1158 | D:2      | 1158 ||| Stepping randomly (stuck).
  1159 | D:2      | 1159 ||| Stepping randomly (stuck).
  1160 | D:2      | 1160 ||| Stepping randomly (stuck).
  1162 | D:2      | 1162 ||| Stepping randomly (stuck).
  1164 | D:2      | 1164 ||| Stepping randomly (stuck).
  1165 | D:2      | 1165 ||| Stepping randomly (stuck).
  1166 | D:2      | 1166 ||| Stepping randomly (stuck).
  1168 | D:2      | 1168 ||| Stepping randomly (stuck).
  1170 | D:2      | 1170 ||| Stepping randomly (stuck).
  1171 | D:2      | 1171 ||| Stepping randomly (stuck).
  1172 | D:2      | 1172 ||| Stepping randomly (stuck).
  1173 | D:2      | 1173 ||| Stepping randomly (stuck).
  1174 | D:2      | 1174 ||| Stepping randomly (stuck).
  1175 | D:2      | 1175 ||| Stepping randomly (stuck).
  1176 | D:2      | 1176 ||| Stepping randomly (stuck).
  1177 | D:2      | 1177 ||| Stepping randomly (stuck).
  1178 | D:2      | 1178 ||| Stepping randomly (stuck).
  1179 | D:2      | 1179 ||| Stepping randomly (stuck).
  1180 | D:2      | 1180 ||| Stepping randomly (stuck).
  1181 | D:2      | 1181 ||| Stepping randomly (stuck).
  1182 | D:2      | 1182 ||| Stepping randomly (stuck).
  1184 | D:2      | 1184 ||| Stepping randomly (stuck).
  1185 | D:2      | 1185 ||| Stepping randomly (stuck).
  1186 | D:2      | 1186 ||| Stepping randomly (stuck).
  1187 | D:2      | 1187 ||| Stepping randomly (stuck).
  1188 | D:2      | 1188 ||| Stepping randomly (stuck).
  1189 | D:2      | 1189 ||| Stepping randomly (stuck).
  1190 | D:2      | 1190 ||| Stepping randomly (stuck).
  1191 | D:2      | 1191 ||| Stepping randomly (stuck).
  1192 | D:2      | 1192 ||| Stepping randomly (stuck).
  1193 | D:2      | 1193 ||| Stepping randomly (stuck).
  1195 | D:2      | 1195 ||| Stepping randomly (stuck).
  1197 | D:2      | 1197 ||| Stepping randomly (stuck).
  1198 | D:2      | 1198 ||| Stepping randomly (stuck).
  1199 | D:2      | 1199 ||| Stepping randomly (stuck).
  1200 | D:2      | 1200 ||| Stepping randomly (stuck).
  1201 | D:2      | 1201 ||| Stepping randomly (stuck).
  1202 | D:2      | 1202 ||| Stepping randomly (stuck).
  1203 | D:2      | 1203 ||| Stepping randomly (stuck).
  1204 | D:2      | 1204 ||| Stepping randomly (stuck).
  1205 | D:2      | 1205 ||| Stepping randomly (stuck).
  1206 | D:2      | 1206 ||| Stepping randomly (stuck).
  1207 | D:2      | 1207 ||| Stepping randomly (stuck).
  1208 | D:2      | 1208 ||| Stepping randomly (stuck).
  1209 | D:2      | 1209 ||| Stepping randomly (stuck).
  1210 | D:2      | 1210 ||| Stepping randomly (stuck).
  1211 | D:2      | 1211 ||| Stepping randomly (stuck).
  1212 | D:2      | 1212 ||| Stepping randomly (stuck).
  1213 | D:2      | 1213 ||| Stepping randomly (stuck).
  1214 | D:2      | 1214 ||| Stepping randomly (stuck).
  1215 | D:2      | 1215 ||| Stepping randomly (stuck).
  1216 | D:2      | 1216 ||| Stepping randomly (stuck).
  1217 | D:2      | 1217 ||| Stepping randomly (stuck).
  1218 | D:2      | 1218 ||| Stepping randomly (stuck).
  1219 | D:2      | 1219 ||| Stepping randomly (stuck).
  1220 | D:2      | 1220 ||| Stepping randomly (stuck).
  1221 | D:2      | 1221 ||| Stepping randomly (stuck).
  1222 | D:2      | 1222 ||| Stepping randomly (stuck).
  1223 | D:2      | 1223 ||| Stepping randomly (stuck).
  1224 | D:2      | 1224 ||| Stepping randomly (stuck).
  1225 | D:2      | 1225 ||| Stepping randomly (stuck).
  1226 | D:2      | 1226 ||| Stepping randomly (stuck).
  1227 | D:2      | 1227 ||| Stepping randomly (stuck).
  1228 | D:2      | 1228 ||| Stepping randomly (stuck).
  1229 | D:2      | 1229 ||| Stepping randomly (stuck).
  1230 | D:2      | 1230 ||| Stepping randomly (stuck).
  1231 | D:2      | 1231 ||| Stepping randomly (stuck).
  1232 | D:2      | 1232 ||| Stepping randomly (stuck).
  1234 | D:2      | 1234 ||| Stepping randomly (stuck).
  1235 | D:2      | 1235 ||| Stepping randomly (stuck).
  1236 | D:2      | 1236 ||| Stepping randomly (stuck).
  1238 | D:2      | 1238 ||| Stepping randomly (stuck).
  1239 | D:2      | 1239 ||| Stepping randomly (stuck).
  1240 | D:2      | 1240 ||| Stepping randomly (stuck).
  1241 | D:2      | 1241 ||| Stepping randomly (stuck).
  1242 | D:2      | 1242 ||| Stepping randomly (stuck).
  1243 | D:2      | 1243 ||| Stepping randomly (stuck).
  1244 | D:2      | 1244 ||| Stepping randomly (stuck).
  1245 | D:2      | 1245 ||| Stepping randomly (stuck).
  1246 | D:2      | 1246 ||| Stepping randomly (stuck).
  1247 | D:2      | 1247 ||| Stepping randomly (stuck).
  1248 | D:2      | 1248 ||| Stepping randomly (stuck).
  1249 | D:2      | 1249 ||| Stepping randomly (stuck).
  1250 | D:2      | 1250 ||| Stepping randomly (stuck).
  1251 | D:2      | 1251 ||| Stepping randomly (stuck).
  1252 | D:2      | 1252 ||| Stepping randomly (stuck).
  1253 | D:2      | 1253 ||| Stepping randomly (stuck).
  1254 | D:2      | 1254 ||| Stepping randomly (stuck).
  1255 | D:2      | 1255 ||| Stepping randomly (stuck).
  1256 | D:2      | 1256 ||| Stepping randomly (stuck).
  1257 | D:2      | 1257 ||| Stepping randomly (stuck).
  1258 | D:2      | 1258 ||| Stepping randomly (stuck).
  1260 | D:2      | 1260 ||| Stepping randomly (stuck).
  1261 | D:2      | 1261 ||| Stepping randomly (stuck).
  1262 | D:2      | 1262 ||| Stepping randomly (stuck).
  1263 | D:2      | 1263 ||| Stepping randomly (stuck).
  1264 | D:2      | 1264 ||| Stepping randomly (stuck).
  1265 | D:2      | 1265 ||| Stepping randomly (stuck).
  1266 | D:2      | 1266 ||| Stepping randomly (stuck).
  1267 | D:2      | 1267 ||| Stepping randomly (stuck).
  1269 | D:2      | 1269 ||| Stepping randomly (stuck).
  1270 | D:2      | 1270 ||| Stepping randomly (stuck).
  1271 | D:2      | 1271 ||| Stepping randomly (stuck).
  1272 | D:2      | 1272 ||| Stepping randomly (stuck).
  1273 | D:2      | 1273 ||| Stepping randomly (stuck).
  1274 | D:2      | 1274 ||| Stepping randomly (stuck).
  1275 | D:2      | 1275 ||| Stepping randomly (stuck).
  1276 | D:2      | 1276 ||| Stepping randomly (stuck).
  1277 | D:2      | 1277 ||| Stepping randomly (stuck).
  1278 | D:2      | 1278 ||| Stepping randomly (stuck).
  1279 | D:2      | 1279 ||| Stepping randomly (stuck).
  1280 | D:2      | 1280 ||| Stepping randomly (stuck).
  1281 | D:2      | 1281 ||| Stepping randomly (stuck).
  1282 | D:2      | 1282 ||| Stepping randomly (stuck).
  1283 | D:2      | 1283 ||| Stepping randomly (stuck).
  1284 | D:2      | 1284 ||| Stepping randomly (stuck).
  1285 | D:2      | 1285 ||| Stepping randomly (stuck).
  1286 | D:2      | 1286 ||| Stepping randomly (stuck).
  1287 | D:2      | 1287 ||| Stepping randomly (stuck).
  1288 | D:2      | 1288 ||| Stepping randomly (stuck).
  1289 | D:2      | 1289 ||| Stepping randomly (stuck).
  1290 | D:2      | 1290 ||| Stepping randomly (stuck).
  1291 | D:2      | 1291 ||| Stepping randomly (stuck).
  1292 | D:2      | 1292 ||| Stepping randomly (stuck).
  1293 | D:2      | 1293 ||| Stepping randomly (stuck).
  1294 | D:2      | 1294 ||| Stepping randomly (stuck).
  1295 | D:2      | 1295 ||| Stepping randomly (stuck).
  1296 | D:2      | 1296 ||| Stepping randomly (stuck).
  1297 | D:2      | 1297 ||| Stepping randomly (stuck).
  1298 | D:2      | 1298 ||| Stepping randomly (stuck).
  1299 | D:2      | 1299 ||| Stepping randomly (stuck).
  1301 | D:2      | 1301 ||| Stepping randomly (stuck).
  1302 | D:2      | 1302 ||| Stepping randomly (stuck).
  1303 | D:2      | 1303 ||| Stepping randomly (stuck).
  1304 | D:2      | 1304 ||| Stepping randomly (stuck).
  1305 | D:2      | 1305 ||| Stepping randomly (stuck).
  1306 | D:2      | 1306 ||| Stepping randomly (stuck).
  1307 | D:2      | 1307 ||| Stepping randomly (stuck).
  1308 | D:2      | 1308 ||| Stepping randomly (stuck).
  1309 | D:2      | 1309 ||| Stepping randomly (stuck).
  1310 | D:2      | 1310 ||| Stepping randomly (stuck).
  1311 | D:2      | 1311 ||| Stepping randomly (stuck).
  1312 | D:2      | 1312 ||| Stepping randomly (stuck).
  1313 | D:2      | 1313 ||| Stepping randomly (stuck).
  1314 | D:2      | 1314 ||| Stepping randomly (stuck).
  1315 | D:2      | 1315 ||| Stepping randomly (stuck).
  1316 | D:2      | 1316 ||| Stepping randomly (stuck).
  1317 | D:2      | 1317 ||| Stepping randomly (stuck).
  1318 | D:2      | 1318 ||| Stepping randomly (stuck).
  1319 | D:2      | 1319 ||| Stepping randomly (stuck).
  1320 | D:2      | 1320 ||| Stepping randomly (stuck).
  1321 | D:2      | 1321 ||| Stepping randomly (stuck).
  1322 | D:2      | 1322 ||| Stepping randomly (stuck).
  1323 | D:2      | 1323 ||| Stepping randomly (stuck).
  1324 | D:2      | 1324 ||| Stepping randomly (stuck).
  1325 | D:2      | 1325 ||| Stepping randomly (stuck).
  1326 | D:2      | 1326 ||| Stepping randomly (stuck).
  1327 | D:2      | 1327 ||| Stepping randomly (stuck).
  1328 | D:2      | 1328 ||| Stepping randomly (stuck).
  1329 | D:2      | 1329 ||| Stepping randomly (stuck).
  1330 | D:2      | 1330 ||| Stepping randomly (stuck).
  1331 | D:2      | 1331 ||| Stepping randomly (stuck).
  1332 | D:2      | 1332 ||| Stepping randomly (stuck).
  1333 | D:2      | 1333 ||| Stepping randomly (stuck).
  1334 | D:2      | 1334 ||| Stepping randomly (stuck).
  1335 | D:2      | 1335 ||| Stepping randomly (stuck).
  1336 | D:2      | 1336 ||| Stepping randomly (stuck).
  1337 | D:2      | 1337 ||| Stepping randomly (stuck).
  1338 | D:2      | 1338 ||| Stepping randomly (stuck).
  1339 | D:2      | 1339 ||| Stepping randomly (stuck).
  1340 | D:2      | 1340 ||| Stepping randomly (stuck).
  1341 | D:2      | 1341 ||| Stepping randomly (stuck).
  1343 | D:2      | 1343 ||| Stepping randomly (stuck).
  1345 | D:2      | 1345 ||| Stepping randomly (stuck).
  1346 | D:2      | 1346 ||| Stepping randomly (stuck).
  1347 | D:2      | 1347 ||| Stepping randomly (stuck).
  1348 | D:2      | 1348 ||| Stepping randomly (stuck).
  1349 | D:2      | 1349 ||| Stepping randomly (stuck).
  1351 | D:2      | 1351 ||| Stepping randomly (stuck).
  1353 | D:2      | 1353 ||| Stepping randomly (stuck).
  1355 | D:2      | 1355 ||| Stepping randomly (stuck).
  1356 | D:2      | 1356 ||| Stepping randomly (stuck).
  1358 | D:2      | 1358 ||| Stepping randomly (stuck).
  1359 | D:2      | 1359 ||| Stepping randomly (stuck).
  1360 | D:2      | 1360 ||| Stepping randomly (stuck).
  1361 | D:2      | 1361 ||| Stepping randomly (stuck).
  1362 | D:2      | 1362 ||| Stepping randomly (stuck).
  1363 | D:2      | 1363 ||| Stepping randomly (stuck).
  1364 | D:2      | 1364 ||| Stepping randomly (stuck).
  1365 | D:2      | 1365 ||| Stepping randomly (stuck).
  1366 | D:2      | 1366 ||| Stepping randomly (stuck).
  1367 | D:2      | 1367 ||| Stepping randomly (stuck).
  1368 | D:2      | 1368 ||| Stepping randomly (stuck).
  1369 | D:2      | 1369 ||| Stepping randomly (stuck).
  1370 | D:2      | 1370 ||| Stepping randomly (stuck).
  1371 | D:2      | 1371 ||| Stepping randomly (stuck).
  1372 | D:2      | 1372 ||| Stepping randomly (stuck).
  1373 | D:2      | 1373 ||| Stepping randomly (stuck).
  1374 | D:2      | 1374 ||| Stepping randomly (stuck).
  1375 | D:2      | 1375 ||| Stepping randomly (stuck).
  1377 | D:2      | 1377 ||| Stepping randomly (stuck).
  1378 | D:2      | 1378 ||| Stepping randomly (stuck).
  1379 | D:2      | 1379 ||| Stepping randomly (stuck).
  1381 | D:2      | 1381 ||| Stepping randomly (stuck).
  1383 | D:2      | 1383 ||| Stepping randomly (stuck).
  1385 | D:2      | 1385 ||| Stepping randomly (stuck).
  1386 | D:2      | 1386 ||| Stepping randomly (stuck).
  1387 | D:2      | 1387 ||| Stepping randomly (stuck).
  1388 | D:2      | 1388 ||| Stepping randomly (stuck).
  1389 | D:2      | 1389 ||| Stepping randomly (stuck).
  1390 | D:2      | 1390 ||| Stepping randomly (stuck).
  1391 | D:2      | 1391 ||| Stepping randomly (stuck).
  1392 | D:2      | 1392 ||| Stepping randomly (stuck).
  1393 | D:2      | 1393 ||| Stepping randomly (stuck).
  1394 | D:2      | 1394 ||| Stepping randomly (stuck).
  1395 | D:2      | 1395 ||| Stepping randomly (stuck).
  1396 | D:2      | 1396 ||| Stepping randomly (stuck).
  1397 | D:2      | 1397 ||| Stepping randomly (stuck).
  1398 | D:2      | 1398 ||| Stepping randomly (stuck).
  1399 | D:2      | 1399 ||| Stepping randomly (stuck).
  1400 | D:2      | 1400 ||| Stepping randomly (stuck).
  1401 | D:2      | 1401 ||| Stepping randomly (stuck).
  1402 | D:2      | 1402 ||| Stepping randomly (stuck).
  1403 | D:2      | 1403 ||| Stepping randomly (stuck).
  1404 | D:2      | 1404 ||| Stepping randomly (stuck).
  1405 | D:2      | 1405 ||| Stepping randomly (stuck).
  1406 | D:2      | 1406 ||| Stepping randomly (stuck).
  1407 | D:2      | 1407 ||| Stepping randomly (stuck).
  1408 | D:2      | 1408 ||| Stepping randomly (stuck).
  1409 | D:2      | 1409 ||| Stepping randomly (stuck).
  1410 | D:2      | 1410 ||| Stepping randomly (stuck).
  1411 | D:2      | 1411 ||| Stepping randomly (stuck).
  1412 | D:2      | 1412 ||| Stepping randomly (stuck).
  1413 | D:2      | 1413 ||| Stepping randomly (stuck).
  1414 | D:2      | 1414 ||| Stepping randomly (stuck).
  1415 | D:2      | 1415 ||| Stepping randomly (stuck).
  1416 | D:2      | 1416 ||| Stepping randomly (stuck).
  1417 | D:2      | 1417 ||| Stepping randomly (stuck).
  1418 | D:2      | 1418 ||| Stepping randomly (stuck).
  1492 | D:2      | 1492 ||| Stepping ~*~*~tactically~*~*~ (stealth).
  1493 | D:2      | 1493 ||| Stepping ~*~*~tactically~*~*~ (stealth).
  1501 | D:2      | Reached XP level 3. HP: 17/29 MP: 3/3
  1540 | D:2      | 1540 ||| FLEEEEING.
  1542 | D:2      | 1542 ||| Stepping ~*~*~tactically~*~*~ (stealth).
  1550 | D:2      | 1550 ||| Stepping ~*~*~tactically~*~*~ (stealth).
  1551 | D:2      | 1551 ||| FLEEEEING.
  1552 | D:2      | 1552 ||| FLEEEEING.
  1553 | D:2      | 1553 ||| FLEEEEING.
  1562 | D:2      | Reached skill level 5 in Axes
  1564 | D:2      | HP: 5/29 [orc wizard/magic dart (4)]
  1566 | D:2      | HP: 2/29 [orc/+0 club (2)]
  1566 | D:2      | Slain by an orc

Levels and vault maps discovered:
D:1:      tarquinn_simple_flora_water_f, layout_basic, serial_shops,
          nicolae_shop_trees
D:2:      cheibrodos_pilgrimage, layout_basic, shapermc_ecumenical_altar_pompeii

Skill      XL: |  1  2  3 |
---------------+----------+-----
Axes           | 4 5 |  5.2
Fighting       | |  3.6
Armour         | |  2.4
Dodging        | |  1.1

Action                   || total
-------------------------++-------
Melee: Hand axe          ||    65
       Punch             ||     1
Invok: Renounce Religion ||     1
  Use: Scroll            ||     1
Armor: Leather armour    ||    18
       Ring mail         ||     8
Dodge: Dodged            ||    41

Table legend:
 A = Non-vault XP
 B = Vault XP
 C = Vault XP percentage of total XP
 D = Non-vault monster count
 E = Vault monster count
 F = Vault count percentage of total count
                 A         B        C        D         E       F
            +---------+---------+-------+---------+---------+-------
      Total |      33 |      47 |  58.8 |      20 |       3 |  13.0
            +---------+---------+-------+---------+---------+-------
        D:1 |      28 |       0 |   0.0 |      17 |       0 |   0.0
        D:2 |       5 |      47 |  90.4 |       3 |       3 |  50.0
            +---------+---------+-------+---------+---------+-------
